AoeStats
← Dantegutsh

Arabia

509816560Analyzed
3v3 RM · 5d ago on Sep 28, 2026· 28m 57s· 6 players
Game mode
Random Map
Map size
Normal (6 player)
Population
200
Speed
Normal
Resources
Standard
Victory
Conquest
Starting age
Dark Age
Ending age
Imperial Age
RankedLock teamsTeams togetherTeam positionsShared explorationLock speedFull tech treeHidden civsTurbo modeCheats
Victory
Defeat
🇲🇽 Romans · Mexico
1515
+10
🇲🇽 Persians · Mexico
1409
+14
🇲🇽 Britons · Mexico
1352
+16
🇨🇳 Vikings · China
1409
-15
🇧🇩 Maya · Bangladesh
1370
-13
1325
-12
pabloescobaralfaro.26
6:21 Loom
8:50 Feudal Age
9:44 Double-Bit Axe
11:17 Town Watch
18:02 Horse Collar
20:03 Scale Barding Armor
20:10 Forging
20:50 Scale Barding Armor
26:24 Castle Age
25:12 Bloodlines
27:14 Bow Saw
27:12 Husbandry
29:28 Heavy Plow
无助小羊
6:53 Loom
9:25 Feudal Age
10:04 Double-Bit Axe
15:05 Fletching
16:02 Padded Archer Armor
21:21 Castle Age
23:43 Crossbowman
24:21 Bodkin Arrow
_Orca_
0:29 Loom
11:38 Feudal Age
16:04 Fletching
18:06 Padded Archer Armor
20:31 Double-Bit Axe
20:27 Horse Collar
26:17 Castle Age
26:16 Gold Mining
26:21 Crossbowman
27:04 Bodkin Arrow
27:45 Town Watch
Dantegutsh
6:09 Loom
8:49 Feudal Age
9:28 Double-Bit Axe
18:04 Scale Barding Armor
21:14 Forging
25:22 Castle Age
24:24 Bloodlines
25:50 Husbandry
26:29 Iron Casting
27:05 Chain Barding Armor
Davicho26
7:45 Loom
10:40 Feudal Age
10:42 Man-at-Arms
15:59 Gold Mining
16:37 Fletching
16:49 Padded Archer Armor
16:55 Horse Collar
27:08 Castle Age
27:46 Wheelbarrow
27:27 Crossbowman
28:04 Bodkin Arrow
29:04 Leather Archer Armor
Mike
4:47 Loom
9:06 Feudal Age
9:17 Man-at-Arms
10:04 Double-Bit Axe
14:03 Scale Mail Armor
14:26 Fletching
14:37 Padded Archer Armor
16:51 Forging
21:40 Castle Age
21:44 Long Swordsman
22:25 Squires
22:41 Chain Mail Armor
23:25 Iron Casting
24:18 Horse Collar
29:29 Bow Saw
Connection lost

Rejoining the realm…

Still unreachable

The connection could not be restored.

Session expired

The server has moved on; the page needs a fresh start.